[ AOE2 MATCH · #472008240 ]
UnrankedVikings vs Japanese
[ REPLAY ANALYSIS · EXTRACTED FROM THE RECORDED GAME ]
Feudal
9:41
Castle
18:16
Imperial
36:28
| APM avg | 39.8 |
| APM peak | 69 |
| eAPM avg | 25.5 |
| Villagers / military | 157 / 293 |
Focus
⚔️ 42.5% · 🌾 57.5%
Militia ×164 · Archer ×67 · Battering Ram ×27 · Berserk ×22 · Fishing Ship ×10 · Galley ×9
Feudal
11:23
Castle
20:22
Imperial
37:54
| APM avg | 48.5 |
| APM peak | 119 |
| eAPM avg | 33.2 |
| Villagers / military | 263 / 426 |
Focus
⚔️ 27.1% · 🌾 72.9%
Militia ×334 · Fire Galley ×32 · Genoese Crossbowman ×32 · Fishing Ship ×28 · Galley ×25 · Trade Cog ×2
Feudal
11:54
Castle
20:47
Imperial
37:23
| APM avg | 27.1 |
| APM peak | 52 |
| eAPM avg | 15.7 |
| Villagers / military | 88 / 344 |
Focus
⚔️ 38.7% · 🌾 61.3%
Militia ×264 · Spearman ×41 · Unknown (2626) ×17 · Fire Galley ×16 · Fishing Ship ×13 · Galley ×11
Feudal
13:01
Castle
17:21
Imperial
53:37
| APM avg | 28.0 |
| APM peak | 67 |
| eAPM avg | 20.4 |
| Villagers / military | 163 / 82 |
Focus
⚔️ 39.0% · 🌾 61.0%
Unknown (2550) ×118 · Spearman ×63 · Unknown (2586) ×33 · Trade Cog ×20 · Fishing Ship ×18 · Battering Ram ×13
Feudal
13:27
Castle
25:33
Imperial
50:43
| APM avg | 35.7 |
| APM peak | 101 |
| eAPM avg | 14.5 |
| Villagers / military | 145 / 258 |
Focus
⚔️ 27.8% · 🌾 72.2%
Knight ×159 · Genitour ×40 · Scout Cavalry ×33 · Camel Scout ×23 · Monk ×3
Feudal
12:56
Castle
17:13
Imperial
33:36
| APM avg | 23.6 |
| APM peak | 48 |
| eAPM avg | 16.9 |
| Villagers / military | 200 / 297 |
Focus
⚔️ 40.0% · 🌾 60.0%
Spearman ×121 · Samurai ×79 · Militia ×75 · Trade Cog ×24 · Fishing Ship ×15 · Trebuchet (Packed) ×13
Feudal
13:02
Castle
17:47
Imperial
56:51
| APM avg | 42.2 |
| APM peak | 124 |
| eAPM avg | 26.5 |
| Villagers / military | 218 / 171 |
Focus
⚔️ 31.8% · 🌾 68.2%
Spearman ×71 · Militia ×70 · Fishing Ship ×23 · Serjeant ×18 · Unknown (2626) ×11 · Fire Galley ×8
Feudal
11:34
Castle
20:41
Imperial
—
| APM avg | 29.7 |
| APM peak | 58 |
| eAPM avg | 25.1 |
| Villagers / military | 165 / 495 |
Focus
⚔️ 48.4% · 🌾 51.6%
Spearman ×278 · Unknown (1974) ×132 · Scout Cavalry ×101 · Militia ×93 · Fishing Ship ×28 · Trade Cart ×26
Match map
Initial resources + every placement click. Lines = walls · curves = elevation contours. ◆ gold · ⬟ stone · ● berries · ✦ relic · ◌ wall gap
Your base
Duc Duong's base
ajanderson120's base
Pelantaro's base
Kamina's base
ᅚᅚᅚᅚ's base
AfricanNija's base
AcheronianoSSx's base
Smoothed initial terrain · ◌ = detected wall gap · hover for details
Inputs per minute
— PEHF - - Duc Duong
Build order — PEHF
First 150 of 700 actions detected
| 0:27 | Build | Dock |
| 2:33 | Build | Town Center |
| 2:49 | Create | Fishing Ship |
| 2:53 | Build | House |
| 3:28 | Create | Villager (Male) |
| 3:28 | Create | Villager (Male) |
| 3:29 | Create | Villager (Male) |
| 3:35 | Create | Villager (Male) |
| 3:47 | Create | Villager (Male) |
| 3:57 | Create | Fishing Ship |
| 4:18 | Build | House |
| 4:27 | Research | Loom |
| 4:44 | Create | Villager (Male) |
| 4:50 | Create | Fishing Ship |
| 5:06 | Create | Villager (Male) |
| 5:16 | Create | Fishing Ship |
| 5:36 | Create | Villager (Male) |
| 5:43 | Build | House |
| 5:49 | Create | Villager (Male) |
| 6:10 | Create | Villager (Male) |
| 6:17 | Build | House |
| 7:07 | Build | House |
| 7:10 | Create | Villager (Male) |
| 7:10 | Create | Villager (Male) |
| 7:29 | Research | Feudal Age |
| 7:48 | Create | Villager (Male) |
| 7:58 | Build | Dock |
| 9:23 | Build | Mining Camp |
| 9:41 | Age | Feudal Age |
| 9:42 | Create | Galley |
| 9:42 | Create | Galley |
| 10:13 | Create | Galley |
| 10:13 | Create | Galley |
| 10:15 | Create | Villager (Male) |
| 10:41 | Create | Villager (Male) |
| 10:41 | Create | Villager (Male) |
| 11:11 | Build | Lumber Camp |
| 11:13 | Create | Villager (Male) |
| 11:55 | Create | Galley |
| 12:02 | Create | Villager (Male) |
| 12:02 | Create | Villager (Male) |
| 12:03 | Research | Double-Bit Axe |
| 12:28 | Create | Villager (Male) |
| 12:29 | Create | Villager (Male) |
| 12:34 | Build | House |
| 12:36 | Build | House |
| 13:08 | Build | Mill |
| 13:35 | Build | Blacksmith |
| 13:53 | Create | Villager (Male) |
| 13:55 | Create | Galley |
| 13:55 | Create | Galley |
| 14:08 | Create | Villager (Male) |
| 14:09 | Create | Villager (Male) |
| 14:24 | Research | Fletching |
| 14:29 | Build | Market |
| 14:36 | Create | Galley |
| 14:36 | Create | Galley |
| 14:38 | Create | Villager (Male) |
| 14:38 | Create | Villager (Male) |
| 14:44 | Research | Gold Mining |
| 15:03 | Build | House |
| 15:04 | Build | House |
| 15:36 | Research | Castle Age |
| 15:36 | Research | Castle Age |
| 16:02 | Build | Farm |
| 16:02 | Build | Farm |
| 16:03 | Build | Farm |
| 16:05 | Build | Farm |
| 16:07 | Research | Horse Collar |
| 16:40 | Build | Barracks |
| 16:52 | Build | House |
| 16:53 | Build | House |
| 17:09 | Build | Farm |
| 17:09 | Build | Farm |
| 17:15 | Build | Farm |
| 17:16 | Build | Farm |
| 17:39 | Create | Villager (Male) |
| 17:40 | Create | Villager (Male) |
| 17:46 | Build | Archery Range |
| 18:16 | Age | Castle Age |
| 18:21 | Research | War Galley (upgrade) |
| 18:28 | Research | Bodkin Arrow |
| 18:34 | Create | Villager (Male) |
| 19:17 | Create | Villager (Male) |
| 19:17 | Create | Villager (Male) |
| 19:17 | Create | Villager (Male) |
| 19:23 | Research | Bow Saw |
| 20:21 | Build | Town Center |
| 20:26 | Build | Farm |
| 20:33 | Build | Farm |
| 20:34 | Build | Farm |
| 20:35 | Build | Farm |
| 20:37 | Create | Villager (Male) |
| 20:37 | Create | Villager (Male) |
| 21:15 | Build | Mining Camp |
| 21:23 | Create | Villager (Male) |
| 21:23 | Create | Villager (Male) |
| 21:58 | Create | Villager (Male) |
| 21:58 | Create | Villager (Male) |
| 22:00 | Create | Villager (Male) |
| 22:00 | Create | Villager (Male) |
| 22:01 | Create | Villager (Male) |
| 22:02 | Build | Farm |
| 22:05 | Build | Farm |
| 22:11 | Create | Villager (Male) |
| 22:11 | Create | Villager (Male) |
| 22:12 | Create | Villager (Male) |
| 22:17 | Build | Town Center |
| 22:25 | Create | Villager (Male) |
| 22:53 | Research | Man-at-Arms (upgrade) |
| 22:54 | Research | Gambesons |
| 22:54 | Research | Squires |
| 23:16 | Build | Barracks |
| 23:21 | Research | Scale Mail Armor |
| 23:22 | Research | Forging |
| 23:31 | Create | Monk |
| 23:37 | Build | House |
| 23:38 | Build | House |
| 23:40 | Build | House |
| 23:40 | Build | House |
| 23:46 | Build | Farm |
| 23:47 | Build | Farm |
| 23:48 | Build | Farm |
| 23:51 | Create | Villager (Male) |
| 23:51 | Create | Villager (Male) |
| 23:51 | Create | Villager (Male) |
| 23:53 | Create | Villager (Male) |
| 23:54 | Create | Villager (Male) |
| 23:54 | Create | Villager (Male) |
| 23:54 | Create | Villager (Male) |
| 24:03 | Build | Farm |
| 24:19 | Build | Farm |
| 24:25 | Build | Farm |
| 24:34 | Build | Farm |
| 25:06 | Build | Dock |
| 25:12 | Create | Villager (Male) |
| 25:12 | Create | Villager (Male) |
| 25:16 | Create | Villager (Male) |
| 25:17 | Create | Villager (Male) |
| 25:17 | Create | Villager (Male) |
| 25:31 | Build | Farm |
| 25:33 | Build | Farm |
| 25:33 | Build | Farm |
| 25:34 | Build | Farm |
| 25:35 | Build | Farm |
| 25:47 | Build | Farm |
| 25:52 | Create | Villager (Male) |
| 25:52 | Create | Villager (Male) |
| 25:55 | Build | House |
| 25:55 | Build | House |
Build order — Duc Duong
First 150 of 926 actions detected
| 2:17 | Build | Town Center |
| 2:43 | Build | Dock |
| 2:57 | Build | House |
| 2:58 | Build | House |
| 3:14 | Create | Villager (Male) |
| 3:15 | Create | Villager (Male) |
| 3:15 | Create | Villager (Male) |
| 3:15 | Create | Villager (Male) |
| 3:15 | Create | Villager (Male) |
| 3:28 | Research | Loom |
| 4:01 | Create | Villager (Male) |
| 4:02 | Create | Villager (Male) |
| 4:20 | Create | Fishing Ship |
| 4:20 | Create | Fishing Ship |
| 4:20 | Create | Fishing Ship |
| 4:20 | Create | Fishing Ship |
| 4:31 | Create | Villager (Male) |
| 4:31 | Create | Villager (Male) |
| 4:58 | Build | Dock |
| 5:12 | Create | Villager (Male) |
| 5:13 | Create | Villager (Male) |
| 5:13 | Create | Villager (Male) |
| 5:26 | Build | House |
| 5:35 | Create | Fishing Ship |
| 5:39 | Create | Fishing Ship |
| 5:39 | Create | Fishing Ship |
| 5:39 | Create | Fishing Ship |
| 6:13 | Build | House |
| 6:18 | Create | Fishing Ship |
| 6:18 | Create | Fishing Ship |
| 6:18 | Create | Fishing Ship |
| 6:27 | Create | Villager (Male) |
| 6:27 | Create | Villager (Male) |
| 6:48 | Create | Fishing Ship |
| 7:05 | Build | Dock |
| 7:05 | Create | Villager (Male) |
| 7:05 | Create | Villager (Male) |
| 7:06 | Create | Villager (Male) |
| 7:18 | Create | Villager (Male) |
| 7:31 | Build | House |
| 7:38 | Create | Fishing Ship |
| 7:39 | Create | Fishing Ship |
| 7:42 | Create | Villager (Male) |
| 7:42 | Create | Villager (Male) |
| 7:42 | Create | Villager (Male) |
| 7:50 | Create | Villager (Male) |
| 7:51 | Create | Villager (Male) |
| 8:05 | Build | Mill |
| 8:10 | Research | Loom |
| 8:10 | Research | Loom |
| 8:13 | Create | Fishing Ship |
| 8:19 | Create | Fishing Ship |
| 8:19 | Create | Fishing Ship |
| 8:19 | Create | Fishing Ship |
| 8:34 | Create | Fishing Ship |
| 8:39 | Build | House |
| 8:41 | Create | Villager (Male) |
| 8:56 | Create | Fishing Ship |
| 8:56 | Create | Fishing Ship |
| 8:56 | Create | Fishing Ship |
| 9:01 | Create | Fishing Ship |
| 9:01 | Create | Fishing Ship |
| 9:11 | Build | House |
| 9:13 | Research | Feudal Age |
| 9:13 | Research | Feudal Age |
| 9:46 | Build | Mining Camp |
| 10:10 | Create | Fishing Ship |
| 10:10 | Create | Fishing Ship |
| 10:10 | Create | Fishing Ship |
| 10:10 | Create | Fishing Ship |
| 11:05 | Build | Dock |
| 11:21 | Create | Villager (Male) |
| 11:22 | Create | Villager (Male) |
| 11:23 | Age | Feudal Age |
| 11:23 | Create | Villager (Male) |
| 11:24 | Create | Villager (Male) |
| 11:27 | Build | Blacksmith |
| 11:34 | Create | Fire Galley |
| 11:34 | Create | Fire Galley |
| 11:43 | Create | Villager (Male) |
| 11:43 | Create | Villager (Male) |
| 11:44 | Create | Villager (Male) |
| 12:00 | Create | Fire Galley |
| 12:00 | Create | Fire Galley |
| 12:00 | Create | Fire Galley |
| 12:02 | Create | Villager (Male) |
| 12:02 | Create | Villager (Male) |
| 12:03 | Create | Villager (Male) |
| 12:03 | Create | Villager (Male) |
| 12:03 | Create | Villager (Male) |
| 12:03 | Create | Villager (Male) |
| 12:04 | Create | Villager (Male) |
| 12:04 | Create | Villager (Male) |
| 12:04 | Create | Villager (Male) |
| 12:04 | Create | Villager (Male) |
| 12:12 | Research | Wheelbarrow |
| 12:12 | Research | Wheelbarrow |
| 12:19 | Build | House |
| 12:20 | Build | House |
| 12:21 | Build | House |
| 12:41 | Build | House |
| 12:42 | Create | Villager (Male) |
| 12:45 | Create | Villager (Male) |
| 12:48 | Research | Double-Bit Axe |
| 12:48 | Research | Double-Bit Axe |
| 13:07 | Create | Fire Galley |
| 13:16 | Create | Villager (Male) |
| 13:22 | Build | Fish Trap |
| 13:39 | Create | Villager (Male) |
| 13:46 | Research | Fletching |
| 13:46 | Research | Fletching |
| 13:56 | Create | Fire Galley |
| 13:57 | Create | Fire Galley |
| 13:57 | Create | Fire Galley |
| 14:24 | Create | Fire Galley |
| 14:24 | Create | Fire Galley |
| 14:25 | Create | Fire Galley |
| 14:25 | Create | Fire Galley |
| 14:27 | Create | Villager (Male) |
| 14:45 | Create | Villager (Male) |
| 14:49 | Create | Fire Galley |
| 14:50 | Create | Fire Galley |
| 15:13 | Create | Fire Galley |
| 15:14 | Create | Fire Galley |
| 15:14 | Create | Fire Galley |
| 15:28 | Create | Fire Galley |
| 15:29 | Create | Fire Galley |
| 15:30 | Create | Villager (Male) |
| 15:31 | Create | Villager (Male) |
| 15:31 | Create | Villager (Male) |
| 15:31 | Create | Villager (Male) |
| 15:32 | Create | Villager (Male) |
| 15:34 | Create | Villager (Male) |
| 15:40 | Build | Fish Trap |
| 15:53 | Build | Fish Trap |
| 16:17 | Create | Fire Galley |
| 16:18 | Create | Fire Galley |
| 16:28 | Create | Villager (Male) |
| 16:28 | Create | Villager (Male) |
| 16:34 | Build | Market |
| 16:44 | Create | Fire Galley |
| 16:44 | Create | Fire Galley |
| 17:14 | Create | Galley |
| 17:15 | Create | Galley |
| 17:15 | Create | Galley |
| 17:15 | Create | Galley |
| 17:38 | Build | Fish Trap |
| 17:39 | Create | Villager (Male) |
| 17:42 | Research | Castle Age |
| 17:43 | Research | Castle Age |
Build order — ajanderson120
First 150 of 452 actions detected
| 0:30 | Build | House |
| 0:31 | Build | House |
| 2:26 | Build | Dock |
| 3:14 | Build | Town Center |
| 3:25 | Create | Fishing Ship |
| 4:05 | Create | Villager (Male) |
| 4:05 | Create | Villager (Male) |
| 4:06 | Create | Villager (Male) |
| 4:06 | Create | Villager (Male) |
| 4:29 | Create | Fishing Ship |
| 4:48 | Create | Fishing Ship |
| 5:17 | Create | Fishing Ship |
| 5:45 | Research | Loom |
| 5:48 | Create | Fishing Ship |
| 6:13 | Build | Dock |
| 6:16 | Build | House |
| 6:26 | Create | Villager (Male) |
| 6:32 | Create | Fishing Ship |
| 6:36 | Create | Villager (Male) |
| 6:54 | Create | Fishing Ship |
| 7:02 | Create | Villager (Male) |
| 7:10 | Create | Fishing Ship |
| 7:15 | Create | Villager (Male) |
| 7:31 | Build | House |
| 7:33 | Build | House |
| 7:36 | Create | Villager (Male) |
| 7:54 | Create | Fishing Ship |
| 8:35 | Create | Fishing Ship |
| 8:35 | Create | Fishing Ship |
| 8:48 | Build | Lumber Camp |
| 9:44 | Research | Feudal Age |
| 10:17 | Create | Villager (Male) |
| 10:17 | Create | Villager (Male) |
| 10:49 | Create | Fishing Ship |
| 10:50 | Create | Fishing Ship |
| 10:59 | Build | Dock |
| 11:14 | Build | House |
| 11:15 | Build | House |
| 11:54 | Age | Feudal Age |
| 12:04 | Create | Galley |
| 12:04 | Create | Galley |
| 12:23 | Build | House |
| 12:23 | Build | House |
| 12:36 | Build | Blacksmith |
| 12:39 | Create | Galley |
| 12:48 | Create | Galley |
| 13:01 | Research | Double-Bit Axe |
| 13:09 | Create | Villager (Male) |
| 13:09 | Create | Villager (Male) |
| 13:21 | Create | Galley |
| 13:47 | Create | Unit 2626 |
| 14:02 | Create | Unit 2626 |
| 14:08 | Create | Villager (Male) |
| 14:09 | Create | Villager (Male) |
| 15:00 | Create | Villager (Male) |
| 15:00 | Create | Villager (Male) |
| 15:03 | Create | Unit 2626 |
| 15:03 | Create | Unit 2626 |
| 15:17 | Create | Villager (Male) |
| 15:43 | Create | Unit 2626 |
| 15:46 | Create | Unit 2626 |
| 15:47 | Create | Unit 2626 |
| 16:00 | Build | House |
| 16:00 | Build | House |
| 16:16 | Build | Mining Camp |
| 16:21 | Build | Barracks |
| 16:51 | Create | Fire Galley |
| 16:51 | Create | Fire Galley |
| 16:58 | Create | Unit 2626 |
| 16:59 | Create | Unit 2626 |
| 17:09 | Create | Villager (Male) |
| 17:10 | Create | Villager (Male) |
| 17:24 | Build | Archery Range |
| 17:54 | Create | Fire Galley |
| 18:07 | Research | Castle Age |
| 18:12 | Create | Galley |
| 18:12 | Create | Galley |
| 18:43 | Build | Mining Camp |
| 19:41 | Create | Fire Galley |
| 19:41 | Create | Fire Galley |
| 19:44 | Create | Fire Galley |
| 19:44 | Create | Fire Galley |
| 20:06 | Build | House |
| 20:08 | Build | House |
| 20:08 | Build | House |
| 20:32 | Create | Villager (Male) |
| 20:36 | Build | House |
| 20:38 | Build | House |
| 20:43 | Build | Barracks |
| 20:47 | Age | Castle Age |
| 20:59 | Create | Villager (Male) |
| 21:02 | Research | War Galley (upgrade) |
| 21:08 | Create | Galley |
| 21:11 | Research | Fletching |
| 21:13 | Create | Villager (Male) |
| 21:24 | Create | Villager (Male) |
| 21:43 | Create | Fire Galley |
| 21:46 | Create | Fire Galley |
| 22:01 | Research | Man-at-Arms (upgrade) |
| 22:03 | Research | Gambesons |
| 22:11 | Create | Galley |
| 22:12 | Create | Galley |
| 22:28 | Create | Villager (Male) |
| 22:36 | Research | Bow Saw |
| 22:45 | Build | Lumber Camp |
| 22:47 | Create | Villager (Male) |
| 22:53 | Create | Villager (Male) |
| 22:58 | Create | Fire Galley |
| 23:35 | Create | Unit 2626 |
| 23:38 | Create | Galley |
| 23:40 | Create | Unit 2626 |
| 23:42 | Create | Villager (Male) |
| 23:42 | Create | Villager (Male) |
| 24:39 | Create | Villager (Male) |
| 24:40 | Research | Bodkin Arrow |
| 24:41 | Create | Villager (Male) |
| 25:51 | Create | Villager (Male) |
| 25:52 | Create | Villager (Male) |
| 25:52 | Create | Villager (Male) |
| 25:54 | Create | Villager (Male) |
| 26:05 | Build | Mill |
| 26:06 | Create | Villager (Male) |
| 26:14 | Build | Town Center |
| 26:17 | Create | Villager (Male) |
| 26:25 | Build | Castle |
| 26:27 | Create | Villager (Male) |
| 26:29 | Research | Wheelbarrow |
| 26:33 | Build | House |
| 26:34 | Build | House |
| 26:34 | Build | House |
| 26:35 | Build | House |
| 26:36 | Research | Long Swordsman (upgrade) |
| 26:39 | Research | Forging |
| 26:41 | Research | Squires |
| 26:55 | Build | University |
| 27:32 | Create | Villager (Male) |
| 27:42 | Research | Horse Collar |
| 27:45 | Create | Villager (Male) |
| 27:55 | Research | Arson |
| 27:59 | Create | Villager (Male) |
| 28:25 | Research | Ballistics |
| 28:26 | Create | Villager (Male) |
| 28:43 | Create | Villager (Male) |
| 28:47 | Research | Tech 906 |
| 28:56 | Build | Farm |
| 28:56 | Build | Farm |
| 28:56 | Build | Farm |
| 28:56 | Build | Farm |
| 28:57 | Build | Farm |
| 28:57 | Build | Farm |
Build order — Pelantaro
First 150 of 597 actions detected
| 0:38 | Build | House |
| 0:46 | Build | Dock |
| 2:10 | Build | Town Center |
| 3:11 | Create | Fishing Ship |
| 3:11 | Create | Fishing Ship |
| 3:15 | Build | House |
| 3:21 | Create | Villager (Male) |
| 3:21 | Create | Villager (Male) |
| 3:55 | Create | Villager (Male) |
| 4:04 | Create | Fishing Ship |
| 4:17 | Create | Fishing Ship |
| 4:20 | Create | Villager (Male) |
| 4:44 | Build | House |
| 4:50 | Create | Villager (Male) |
| 5:11 | Create | Fishing Ship |
| 5:17 | Build | House |
| 5:21 | Create | Villager (Male) |
| 5:42 | Create | Villager (Male) |
| 6:01 | Create | Villager (Male) |
| 6:33 | Build | Dock |
| 6:38 | Create | Villager (Male) |
| 6:50 | Build | Palisade Wall |
| 6:56 | Create | Villager (Male) |
| 7:02 | Build | Settlement |
| 7:08 | Create | Villager (Male) |
| 7:24 | Create | Villager (Male) |
| 7:57 | Create | Villager (Male) |
| 8:00 | Create | Villager (Male) |
| 8:26 | Create | Fishing Ship |
| 8:26 | Create | Fishing Ship |
| 8:27 | Create | Fishing Ship |
| 8:28 | Create | Fishing Ship |
| 8:53 | Create | Villager (Male) |
| 9:02 | Build | Palisade Gate |
| 9:07 | Build | House |
| 9:24 | Create | Villager (Male) |
| 9:48 | Create | Villager (Male) |
| 10:21 | Create | Villager (Male) |
| 10:33 | Research | Feudal Age |
| 11:18 | Create | Villager (Male) |
| 11:22 | Create | Villager (Male) |
| 11:28 | Build | House |
| 12:10 | Build | House |
| 13:01 | Age | Feudal Age |
| 13:07 | Build | Watch Tower |
| 13:17 | Build | Watch Tower |
| 13:20 | Create | Villager (Male) |
| 13:26 | Build | Blacksmith |
| 13:29 | Build | Market |
| 13:32 | Research | Loom |
| 14:07 | Research | Castle Age |
| 14:41 | Build | Dock |
| 15:01 | Research | Double-Bit Axe |
| 15:04 | Build | Settlement |
| 16:11 | Research | Fletching |
| 16:15 | Create | Villager (Male) |
| 16:49 | Create | Villager (Male) |
| 17:09 | Research | Scale Mail Armor |
| 17:21 | Age | Castle Age |
| 17:33 | Build | Siege Workshop |
| 17:38 | Build | Monastery |
| 17:41 | Create | Villager (Male) |
| 17:41 | Create | Villager (Male) |
| 17:46 | Build | Farm |
| 17:46 | Build | Farm |
| 17:47 | Build | Farm |
| 17:51 | Build | Farm |
| 17:51 | Build | Farm |
| 17:53 | Create | Villager (Male) |
| 18:11 | Create | Fishing Ship |
| 18:15 | Create | Battering Ram |
| 18:24 | Create | Unit 2586 |
| 18:25 | Create | Unit 2586 |
| 18:29 | Build | Farm |
| 18:29 | Build | Farm |
| 18:30 | Build | Farm |
| 18:30 | Build | Farm |
| 18:34 | Build | Farm |
| 18:42 | Create | Villager (Male) |
| 18:44 | Create | Villager (Male) |
| 18:55 | Create | Unit 2586 |
| 19:13 | Create | Battering Ram |
| 19:29 | Create | Unit 2586 |
| 19:31 | Create | Villager (Male) |
| 19:36 | Create | Villager (Male) |
| 19:36 | Create | Villager (Male) |
| 19:54 | Create | Unit 2586 |
| 20:16 | Create | Unit 2586 |
| 20:17 | Create | Battering Ram |
| 20:27 | Build | Settlement |
| 20:34 | Research | Forging |
| 20:47 | Create | Fishing Ship |
| 20:58 | Create | Villager (Male) |
| 21:33 | Create | Unit 2586 |
| 21:33 | Create | Unit 2586 |
| 21:34 | Create | Battering Ram |
| 21:54 | Research | Chain Mail Armor |
| 21:58 | Create | Villager (Male) |
| 21:59 | Create | Villager (Male) |
| 22:02 | Build | Barracks |
| 22:28 | Create | Villager (Male) |
| 22:29 | Create | Villager (Male) |
| 23:15 | Create | Fishing Ship |
| 23:16 | Create | Fishing Ship |
| 23:26 | Create | Villager (Male) |
| 23:32 | Build | Town Center |
| 23:38 | Research | Wheelbarrow |
| 23:49 | Create | Unit 2586 |
| 23:50 | Create | Unit 2586 |
| 24:07 | Create | Villager (Male) |
| 24:16 | Create | Monk |
| 24:25 | Build | Building 487 |
| 24:32 | Build | House |
| 24:36 | Build | House |
| 24:57 | Research | Squires |
| 24:59 | Create | Unit 2586 |
| 24:59 | Create | Unit 2586 |
| 25:01 | Create | Battering Ram |
| 25:02 | Create | Villager (Male) |
| 25:13 | Build | Settlement |
| 25:15 | Create | Villager (Male) |
| 25:16 | Create | Villager (Male) |
| 25:24 | Build | House |
| 25:34 | Create | Fishing Ship |
| 25:37 | Create | Fishing Ship |
| 26:17 | Create | Villager (Male) |
| 26:18 | Create | Villager (Male) |
| 26:27 | Create | Unit 2586 |
| 26:33 | Build | Barracks |
| 26:51 | Create | Unit 2586 |
| 26:57 | Create | Battering Ram |
| 27:04 | Create | Villager (Male) |
| 27:17 | Build | Castle |
| 27:21 | Create | Villager (Male) |
| 27:22 | Create | Villager (Male) |
| 27:22 | Create | Villager (Male) |
| 27:22 | Create | Villager (Male) |
| 27:31 | Create | Fishing Ship |
| 27:31 | Create | Fishing Ship |
| 27:33 | Create | Fishing Ship |
| 27:44 | Build | Farm |
| 27:44 | Build | Farm |
| 27:44 | Build | Farm |
| 27:57 | Create | Unit 2586 |
| 27:57 | Create | Unit 2586 |
| 28:10 | Research | Horse Collar |
| 28:17 | Build | House |
| 28:18 | Build | House |
| 28:19 | Build | House |
| 28:20 | Build | House |
Build order — Kamina
First 150 of 422 actions detected
| 3:06 | Build | Town Center |
| 4:18 | Create | Villager (Male) |
| 4:18 | Create | Villager (Male) |
| 4:24 | Build | House |
| 5:15 | Create | Villager (Male) |
| 5:16 | Create | Villager (Male) |
| 5:26 | Build | House |
| 5:35 | Create | Villager (Male) |
| 5:46 | Create | Villager (Male) |
| 6:06 | Build | Mill |
| 6:11 | Create | Villager (Male) |
| 6:35 | Create | Villager (Male) |
| 6:45 | Create | Villager (Male) |
| 7:09 | Research | Loom |
| 7:12 | Create | Villager (Male) |
| 7:17 | Build | House |
| 7:38 | Create | Villager (Male) |
| 7:56 | Build | Lumber Camp |
| 8:24 | Create | Villager (Male) |
| 8:25 | Create | Villager (Male) |
| 9:16 | Build | House |
| 9:30 | Build | Mining Camp |
| 9:36 | Create | Villager (Male) |
| 9:38 | Create | Villager (Male) |
| 10:30 | Create | Villager (Male) |
| 11:17 | Research | Feudal Age |
| 12:11 | Build | House |
| 12:23 | Build | Barracks |
| 12:36 | Build | Palisade Wall |
| 13:06 | Create | Villager (Male) |
| 13:06 | Create | Villager (Male) |
| 13:27 | Age | Feudal Age |
| 13:32 | Create | Villager (Male) |
| 13:33 | Create | Villager (Male) |
| 13:37 | Research | Double-Bit Axe |
| 13:51 | Build | Stable |
| 13:54 | Build | House |
| 14:08 | Research | Horse Collar |
| 14:10 | Create | Villager (Male) |
| 14:26 | Build | Blacksmith |
| 14:52 | Create | Scout Cavalry |
| 14:52 | Create | Scout Cavalry |
| 14:53 | Create | Scout Cavalry |
| 14:58 | Build | House |
| 15:23 | Create | Villager (Male) |
| 15:24 | Create | Villager (Male) |
| 15:48 | Build | Palisade Wall |
| 15:53 | Create | Villager (Male) |
| 15:53 | Create | Villager (Male) |
| 16:00 | Build | Farm |
| 16:10 | Build | Palisade Wall |
| 16:19 | Build | House |
| 16:20 | Build | House |
| 16:27 | Build | Palisade Wall |
| 16:48 | Build | Farm |
| 16:49 | Build | Farm |
| 16:50 | Build | Farm |
| 16:50 | Build | Farm |
| 16:51 | Build | Farm |
| 16:52 | Build | Farm |
| 16:57 | Build | Farm |
| 17:00 | Create | Villager (Male) |
| 17:16 | Build | Building 804 |
| 17:23 | Research | Bloodlines |
| 17:26 | Research | Scale Barding Armor |
| 17:31 | Build | Lumber Camp |
| 17:37 | Build | Farm |
| 17:41 | Build | Farm |
| 17:43 | Create | Villager (Male) |
| 18:08 | Create | Villager (Male) |
| 18:15 | Build | Farm |
| 18:15 | Build | Farm |
| 18:16 | Build | Farm |
| 18:16 | Build | Farm |
| 18:17 | Build | Farm |
| 18:19 | Build | Farm |
| 18:21 | Build | Farm |
| 18:39 | Create | Villager (Male) |
| 18:40 | Create | Villager (Male) |
| 18:40 | Create | Villager (Male) |
| 18:48 | Build | Farm |
| 18:48 | Build | Farm |
| 18:49 | Build | Farm |
| 18:50 | Build | Farm |
| 18:51 | Build | Farm |
| 18:57 | Build | Farm |
| 19:15 | Create | Villager (Male) |
| 19:15 | Create | Villager (Male) |
| 19:21 | Build | Mining Camp |
| 19:46 | Build | House |
| 19:53 | Build | House |
| 20:22 | Create | Scout Cavalry |
| 20:23 | Create | Scout Cavalry |
| 20:23 | Create | Scout Cavalry |
| 20:23 | Create | Scout Cavalry |
| 21:05 | Research | Wheelbarrow |
| 21:22 | Create | Villager (Male) |
| 21:23 | Create | Villager (Male) |
| 21:23 | Create | Villager (Male) |
| 21:30 | Build | Mill |
| 21:33 | Build | Farm |
| 21:33 | Build | Farm |
| 21:35 | Build | Farm |
| 21:35 | Build | Farm |
| 21:39 | Build | Farm |
| 22:53 | Research | Castle Age |
| 23:00 | Research | Forging |
| 23:01 | Research | Fletching |
| 23:05 | Create | Scout Cavalry |
| 24:17 | Create | Villager (Male) |
| 24:17 | Create | Villager (Male) |
| 24:17 | Create | Villager (Male) |
| 24:29 | Build | Palisade Gate |
| 25:33 | Age | Castle Age |
| 25:51 | Research | Hand Cart |
| 26:10 | Build | Town Center |
| 26:17 | Create | Knight |
| 26:17 | Create | Knight |
| 26:17 | Create | Knight |
| 26:17 | Create | Knight |
| 26:18 | Create | Knight |
| 26:18 | Create | Knight |
| 26:35 | Create | Villager (Male) |
| 26:35 | Create | Villager (Male) |
| 26:46 | Create | Villager (Male) |
| 27:03 | Build | Stable |
| 27:04 | Build | Stable |
| 27:23 | Build | House |
| 27:24 | Build | House |
| 27:37 | Research | Chain Barding Armor |
| 27:38 | Research | Iron Casting |
| 28:33 | Create | Knight ×2 |
| 29:06 | Create | Villager (Male) |
| 29:07 | Create | Villager (Male) |
| 29:07 | Create | Villager (Male) |
| 29:07 | Create | Villager (Male) |
| 29:07 | Create | Villager (Male) |
| 29:15 | Create | Villager (Male) |
| 29:16 | Create | Villager (Male) |
| 29:16 | Create | Villager (Male) |
| 29:16 | Create | Villager (Male) |
| 29:17 | Build | Farm |
| 29:48 | Create | Knight |
| 29:48 | Create | Knight |
| 29:48 | Create | Knight |
| 30:02 | Create | Villager (Male) |
| 30:06 | Create | Villager (Male) |
| 30:06 | Create | Villager (Male) |
| 30:43 | Create | Knight |
| 30:43 | Create | Knight |
Build order — ᅚᅚᅚᅚ
First 150 of 514 actions detected
| 0:38 | Build | House |
| 0:39 | Build | House |
| 0:40 | Build | House |
| 1:14 | Build | Dock |
| 2:30 | Build | Town Center |
| 2:42 | Build | House |
| 3:25 | Create | Fishing Ship |
| 3:38 | Create | Villager (Male) |
| 3:38 | Create | Villager (Male) |
| 3:38 | Create | Villager (Male) |
| 3:39 | Create | Villager (Male) |
| 3:39 | Create | Villager (Male) |
| 4:11 | Create | Fishing Ship |
| 4:11 | Create | Fishing Ship |
| 4:14 | Create | Villager (Male) |
| 4:46 | Create | Fishing Ship |
| 4:46 | Create | Fishing Ship |
| 5:12 | Create | Villager (Male) |
| 5:13 | Create | Villager (Male) |
| 5:51 | Create | Fishing Ship |
| 5:52 | Create | Fishing Ship |
| 6:14 | Create | Villager (Male) |
| 6:29 | Create | Villager (Male) |
| 6:36 | Build | Dock |
| 6:48 | Build | Dock |
| 6:51 | Create | Villager (Male) |
| 6:52 | Create | Fishing Ship |
| 7:46 | Build | Mill |
| 7:49 | Create | Fishing Ship |
| 7:50 | Create | Fishing Ship |
| 7:51 | Create | Villager (Male) |
| 7:52 | Create | Villager (Male) |
| 7:53 | Create | Villager (Male) |
| 7:59 | Build | House |
| 8:00 | Build | House |
| 8:11 | Create | Fishing Ship |
| 8:11 | Create | Fishing Ship |
| 8:42 | Create | Villager (Male) |
| 8:43 | Create | Villager (Male) |
| 8:55 | Create | Fishing Ship |
| 8:55 | Create | Fishing Ship |
| 8:58 | Create | Villager (Male) |
| 9:18 | Build | Mining Camp |
| 9:28 | Create | Villager (Male) |
| 9:30 | Create | Fishing Ship |
| 10:25 | Research | Feudal Age |
| 11:28 | Build | House |
| 11:29 | Build | House |
| 12:56 | Age | Feudal Age |
| 13:09 | Build | Market |
| 13:11 | Build | Blacksmith |
| 13:14 | Create | Villager (Male) |
| 13:14 | Create | Villager (Male) |
| 14:08 | Create | Villager (Male) |
| 14:20 | Research | Castle Age |
| 15:04 | Research | Double-Bit Axe |
| 15:06 | Research | Horse Collar |
| 15:11 | Research | Stone Mining |
| 15:11 | Research | Gold Mining |
| 16:03 | Build | House |
| 16:20 | Research | Loom |
| 17:13 | Age | Castle Age |
| 17:23 | Build | Castle |
| 17:32 | Build | Town Center |
| 17:36 | Create | Villager (Male) |
| 17:56 | Build | Siege Workshop |
| 17:58 | Create | Villager (Male) |
| 18:00 | Create | Villager (Male) |
| 18:18 | Build | Outpost |
| 18:20 | Build | Outpost |
| 18:21 | Build | Outpost |
| 18:24 | Research | Town Watch |
| 18:26 | Create | Villager (Male) |
| 18:29 | Research | Bow Saw |
| 18:30 | Create | Villager (Male) |
| 18:32 | Build | Farm |
| 18:35 | Build | Farm |
| 18:37 | Build | Farm |
| 19:12 | Research | Gold Shaft Mining |
| 19:30 | Create | Villager (Male) |
| 19:30 | Create | Villager (Male) |
| 19:38 | Build | Farm |
| 19:58 | Create | Samurai |
| 19:59 | Create | Samurai |
| 20:02 | Create | Villager (Male) |
| 20:07 | Create | Villager (Male) |
| 20:14 | Create | Samurai |
| 20:15 | Create | Villager (Male) |
| 20:16 | Create | Samurai |
| 20:30 | Build | Watch Tower |
| 20:40 | Research | Fletching |
| 20:49 | Create | Battering Ram |
| 21:05 | Create | Villager (Male) |
| 21:06 | Create | Samurai |
| 21:09 | Create | Villager (Male) |
| 21:10 | Create | Villager (Male) |
| 21:10 | Create | Villager (Male) |
| 21:10 | Create | Villager (Male) |
| 21:10 | Create | Villager (Male) |
| 21:11 | Create | Villager (Male) |
| 21:11 | Create | Villager (Male) |
| 21:12 | Create | Samurai |
| 21:12 | Create | Samurai |
| 21:16 | Build | Mining Camp |
| 21:44 | Create | Samurai |
| 21:47 | Research | Scale Mail Armor |
| 21:48 | Research | Forging |
| 21:49 | Create | Villager (Male) |
| 21:51 | Create | Battering Ram |
| 21:53 | Build | Farm |
| 21:53 | Build | Farm |
| 21:54 | Build | Farm |
| 21:54 | Build | Farm |
| 21:54 | Build | Farm |
| 22:10 | Create | Villager (Male) |
| 22:10 | Create | Villager (Male) |
| 22:13 | Create | Samurai |
| 22:14 | Create | Battering Ram |
| 22:14 | Create | Battering Ram |
| 22:15 | Create | Battering Ram |
| 22:19 | Build | Outpost |
| 22:26 | Create | Villager (Male) |
| 22:26 | Create | Villager (Male) |
| 22:30 | Create | Villager (Male) |
| 22:31 | Create | Samurai |
| 22:35 | Build | Lumber Camp |
| 22:57 | Build | Outpost |
| 23:05 | Research | Wheelbarrow |
| 23:06 | Create | Samurai |
| 23:06 | Create | Samurai |
| 23:06 | Create | Samurai |
| 23:07 | Create | Samurai |
| 23:07 | Create | Samurai |
| 23:07 | Create | Samurai |
| 23:19 | Build | Outpost |
| 23:30 | Create | Samurai |
| 23:37 | Create | Battering Ram |
| 23:38 | Create | Battering Ram |
| 23:55 | Research | Chain Mail Armor |
| 24:09 | Create | Samurai |
| 24:09 | Create | Samurai |
| 24:09 | Create | Samurai |
| 24:13 | Create | Villager (Male) |
| 24:13 | Create | Villager (Male) |
| 24:16 | Build | House |
| 24:18 | Build | House |
| 24:22 | Build | Farm |
| 24:41 | Build | Outpost |
| 25:01 | Create | Villager (Male) |
| 25:02 | Create | Villager (Male) |
Build order — AfricanNija
First 150 of 652 actions detected
| 0:08 | Build | House |
| 0:34 | Build | House |
| 0:46 | Build | Dock |
| 2:15 | Build | Town Center |
| 2:30 | Create | Fishing Ship |
| 2:31 | Create | Fishing Ship |
| 3:28 | Create | Villager (Male) |
| 3:29 | Create | Villager (Male) |
| 3:29 | Create | Villager (Male) |
| 3:29 | Create | Villager (Male) |
| 3:29 | Create | Villager (Male) |
| 3:30 | Create | Fishing Ship |
| 3:31 | Create | Fishing Ship |
| 4:06 | Create | Fishing Ship |
| 4:07 | Create | Fishing Ship |
| 4:25 | Build | House |
| 4:37 | Build | House |
| 4:42 | Research | Loom |
| 4:42 | Research | Loom |
| 4:43 | Create | Villager (Male) |
| 4:43 | Create | Villager (Male) |
| 5:10 | Create | Villager (Male) |
| 5:10 | Create | Villager (Male) |
| 5:10 | Create | Villager (Male) |
| 5:11 | Create | Fishing Ship |
| 5:12 | Create | Fishing Ship |
| 5:12 | Create | Fishing Ship |
| 5:21 | Build | House |
| 5:23 | Build | House |
| 5:55 | Build | Outpost |
| 6:09 | Build | Outpost |
| 6:12 | Build | Palisade Wall |
| 6:13 | Build | Palisade Wall |
| 6:13 | Build | Palisade Wall |
| 6:16 | Create | Villager (Male) |
| 6:16 | Create | Villager (Male) |
| 6:16 | Create | Villager (Male) |
| 6:19 | Create | Fishing Ship |
| 6:45 | Build | House |
| 6:50 | Create | Villager (Male) |
| 6:50 | Create | Villager (Male) |
| 7:03 | Create | Fishing Ship |
| 7:23 | Build | Dock |
| 7:32 | Build | House |
| 7:35 | Build | House |
| 8:00 | Build | Lumber Camp |
| 8:01 | Create | Villager (Male) |
| 8:02 | Create | Villager (Male) |
| 8:02 | Create | Villager (Male) |
| 8:04 | Create | Fishing Ship |
| 8:05 | Create | Fishing Ship |
| 9:03 | Build | House |
| 9:10 | Build | House |
| 9:14 | Build | House |
| 9:19 | Build | House |
| 9:22 | Build | House |
| 9:24 | Create | Villager (Male) |
| 9:24 | Create | Villager (Male) |
| 9:31 | Create | Fishing Ship |
| 9:31 | Create | Fishing Ship |
| 10:01 | Build | House |
| 10:03 | Build | House |
| 10:19 | Create | Villager (Male) |
| 10:20 | Create | Villager (Male) |
| 10:21 | Create | Fishing Ship |
| 10:21 | Create | Fishing Ship |
| 10:38 | Build | Dock |
| 10:52 | Research | Feudal Age |
| 10:53 | Research | Feudal Age |
| 11:07 | Create | Villager (Male) |
| 11:20 | Create | Villager (Male) |
| 11:51 | Create | Fishing Ship |
| 11:51 | Create | Fishing Ship |
| 12:23 | Build | Outpost |
| 12:30 | Build | Palisade Wall |
| 12:36 | Build | Outpost |
| 12:39 | Build | Palisade Wall |
| 12:40 | Build | Palisade Wall |
| 12:41 | Build | Palisade Wall |
| 12:45 | Build | Outpost |
| 13:02 | Age | Feudal Age |
| 13:12 | Build | Mill |
| 13:18 | Build | Blacksmith |
| 13:23 | Create | Villager (Male) |
| 13:28 | Research | Double-Bit Axe |
| 13:28 | Research | Double-Bit Axe |
| 13:34 | Create | Unit 2626 |
| 13:56 | Create | Villager (Male) |
| 13:59 | Build | Market |
| 14:15 | Create | Unit 2626 |
| 14:15 | Create | Unit 2626 |
| 14:21 | Create | Fire Galley |
| 14:33 | Create | Fire Galley |
| 14:33 | Create | Fire Galley |
| 14:33 | Create | Fire Galley |
| 14:35 | Create | Villager (Male) |
| 14:50 | Research | Castle Age |
| 14:51 | Research | Castle Age |
| 14:53 | Research | Town Watch |
| 15:03 | Build | Barracks |
| 15:26 | Build | Barracks |
| 16:02 | Create | Unit 2626 |
| 16:02 | Create | Unit 2626 |
| 16:10 | Create | Fire Galley |
| 16:10 | Create | Fire Galley |
| 16:13 | Create | Villager (Male) |
| 16:15 | Create | Spearman |
| 16:15 | Create | Spearman |
| 16:20 | Build | Mining Camp |
| 16:53 | Create | Spearman |
| 16:53 | Create | Spearman |
| 17:14 | Create | Spearman |
| 17:14 | Create | Spearman |
| 17:29 | Create | Villager (Male) |
| 17:33 | Research | Gold Mining |
| 17:33 | Research | Gold Mining |
| 17:42 | Create | Spearman |
| 17:42 | Create | Spearman |
| 17:47 | Age | Castle Age |
| 17:56 | Research | Pikeman (upgrade) |
| 17:56 | Research | Pikeman (upgrade) |
| 18:03 | Create | Villager (Male) |
| 18:07 | Build | Barracks |
| 18:11 | Research | Man-at-Arms (upgrade) |
| 18:11 | Research | Man-at-Arms (upgrade) |
| 18:27 | Research | Forging |
| 18:27 | Research | Forging |
| 18:28 | Create | Villager (Male) |
| 18:31 | Research | Scale Mail Armor |
| 18:42 | Create | Villager (Male) |
| 18:48 | Create | Militia |
| 18:48 | Create | Militia |
| 18:53 | Research | War Galley (upgrade) |
| 18:53 | Research | War Galley (upgrade) |
| 19:31 | Create | Villager (Male) |
| 19:33 | Create | Militia |
| 19:34 | Create | Militia |
| 20:01 | Build | Castle |
| 20:04 | Research | Long Swordsman (upgrade) |
| 20:05 | Create | Militia |
| 20:05 | Create | Militia |
| 20:13 | Build | Siege Workshop |
| 20:17 | Create | Militia |
| 20:17 | Create | Militia |
| 21:07 | Create | Mangonel |
| 21:12 | Create | Serjeant |
| 21:12 | Create | Serjeant |
| 21:12 | Create | Serjeant |
| 21:33 | Create | Villager (Male) |
| 21:33 | Create | Villager (Male) |
Build order — AcheronianoSSx
First 150 of 1118 actions detected
| 1:05 | Build | House |
| 1:06 | Build | House |
| 1:08 | Build | House |
| 2:05 | Build | Town Center |
| 2:15 | Build | Dock |
| 3:29 | Create | Fishing Ship |
| 3:29 | Create | Fishing Ship |
| 3:31 | Create | Villager (Male) |
| 3:32 | Create | Villager (Male) |
| 3:32 | Create | Villager (Male) |
| 3:32 | Create | Villager (Male) |
| 3:32 | Create | Villager (Male) |
| 3:33 | Create | Villager (Male) |
| 4:11 | Create | Fishing Ship |
| 4:11 | Create | Fishing Ship |
| 4:11 | Create | Fishing Ship |
| 4:32 | Build | House |
| 4:38 | Create | Fishing Ship |
| 4:39 | Create | Fishing Ship |
| 4:39 | Create | Fishing Ship |
| 5:04 | Create | Villager (Male) |
| 5:04 | Create | Villager (Male) |
| 5:25 | Build | Mill |
| 5:30 | Create | Villager (Male) |
| 5:30 | Create | Villager (Male) |
| 5:39 | Create | Fishing Ship |
| 5:39 | Create | Fishing Ship |
| 5:39 | Create | Fishing Ship |
| 6:06 | Build | Lumber Camp |
| 6:08 | Create | Villager (Male) |
| 6:08 | Create | Villager (Male) |
| 6:22 | Create | Villager (Male) |
| 6:23 | Create | Villager (Male) |
| 6:29 | Create | Fishing Ship |
| 6:30 | Create | Fishing Ship |
| 6:30 | Create | Fishing Ship |
| 6:53 | Create | Villager (Male) |
| 7:08 | Create | Villager (Male) |
| 7:25 | Create | Fishing Ship |
| 7:25 | Create | Fishing Ship |
| 7:25 | Create | Fishing Ship |
| 7:36 | Build | House |
| 7:50 | Create | Villager (Male) |
| 8:09 | Create | Villager (Male) |
| 8:20 | Build | Mill |
| 8:34 | Create | Villager (Male) |
| 8:37 | Create | Fishing Ship |
| 8:37 | Create | Fishing Ship |
| 9:02 | Build | Mining Camp |
| 9:24 | Research | Feudal Age |
| 9:24 | Research | Feudal Age |
| 9:28 | Research | Loom |
| 9:49 | Build | Barracks |
| 10:22 | Create | Villager (Male) |
| 10:23 | Create | Villager (Male) |
| 10:54 | Create | Militia |
| 11:00 | Build | House |
| 11:34 | Age | Feudal Age |
| 11:38 | Create | Villager (Male) |
| 11:41 | Research | Double-Bit Axe |
| 11:41 | Research | Double-Bit Axe |
| 11:46 | Create | Villager (Male) |
| 11:53 | Build | Stable |
| 12:02 | Build | Farm |
| 12:05 | Create | Villager (Male) |
| 12:36 | Create | Fire Galley |
| 12:37 | Create | Fire Galley |
| 12:37 | Create | Fire Galley |
| 12:40 | Create | Villager (Male) |
| 12:40 | Create | Villager (Male) |
| 12:40 | Create | Villager (Male) |
| 12:52 | Build | Farm |
| 12:53 | Create | Scout Cavalry |
| 12:54 | Create | Scout Cavalry |
| 12:54 | Create | Scout Cavalry |
| 12:54 | Create | Scout Cavalry |
| 13:06 | Build | Farm |
| 13:27 | Research | Horse Collar |
| 13:31 | Build | House |
| 13:40 | Build | Farm |
| 13:42 | Build | Farm |
| 13:45 | Create | Villager (Male) |
| 14:05 | Create | Scout Cavalry |
| 14:06 | Create | Scout Cavalry |
| 14:19 | Build | Mill |
| 14:20 | Build | Farm |
| 14:20 | Build | Farm |
| 14:21 | Build | Farm |
| 14:21 | Build | Farm |
| 14:28 | Create | Fire Galley |
| 14:41 | Create | Demolition Raft |
| 14:41 | Create | Demolition Raft |
| 14:51 | Build | House |
| 14:56 | Research | Arson |
| 15:03 | Build | House |
| 15:13 | Research | Wheelbarrow |
| 15:33 | Create | Demolition Raft |
| 15:38 | Build | House |
| 15:40 | Build | Farm |
| 16:03 | Create | Demolition Raft |
| 16:03 | Create | Demolition Raft |
| 16:20 | Build | Blacksmith |
| 16:23 | Build | Farm |
| 16:44 | Create | Fire Galley |
| 16:55 | Create | Villager (Male) |
| 17:18 | Research | Castle Age |
| 17:19 | Research | Castle Age |
| 17:31 | Build | Barracks |
| 17:35 | Research | Scale Mail Armor |
| 17:49 | Create | Fire Galley |
| 17:49 | Create | Fire Galley |
| 17:49 | Create | Fire Galley |
| 18:05 | Build | Stone Wall |
| 18:08 | Build | House |
| 18:20 | Build | Farm |
| 18:21 | Build | Farm |
| 18:38 | Build | Mill |
| 19:02 | Build | Barracks |
| 19:05 | Research | Forging |
| 19:08 | Create | Scout Cavalry |
| 19:08 | Create | Scout Cavalry |
| 19:09 | Create | Scout Cavalry |
| 19:25 | Create | Fire Galley |
| 19:25 | Create | Fire Galley |
| 19:50 | Build | Farm |
| 19:53 | Build | Farm |
| 20:09 | Create | Scout Cavalry |
| 20:09 | Create | Scout Cavalry |
| 20:41 | Age | Castle Age |
| 20:44 | Research | Squires |
| 20:46 | Create | Unit 1974 |
| 20:46 | Create | Unit 1974 |
| 20:46 | Create | Unit 1974 |
| 20:46 | Create | Unit 1974 |
| 20:47 | Create | Unit 1974 |
| 20:47 | Create | Unit 1974 |
| 20:47 | Create | Unit 1974 |
| 20:47 | Create | Unit 1974 |
| 20:48 | Create | Unit 1974 |
| 20:50 | Create | Villager (Male) |
| 20:50 | Create | Villager (Male) |
| 20:51 | Create | Villager (Male) |
| 20:51 | Create | Villager (Male) |
| 20:59 | Build | Town Center |
| 21:01 | Build | Farm |
| 21:01 | Build | Farm |
| 21:01 | Build | Farm |
| 21:02 | Build | Farm |
| 21:02 | Build | Farm |
| 21:02 | Build | Farm |
Match timeline
| 0:27 | PEHF · first_building Dock |
| 0:46 | AfricanNija · first_building Dock |
| 0:46 | Pelantaro · first_building Dock |
| 1:14 | ᅚᅚᅚᅚ · first_building Dock |
| 2:15 | AcheronianoSSx · first_building Dock |
| 2:26 | ajanderson120 · first_building Dock |
| 2:43 | Duc Duong · first_building Dock |
| 6:12 | AfricanNija · wall_segment Palisade Wall x2 |
| 6:13 | AfricanNija · wall_segment Palisade Wall x1 |
| 6:13 | AfricanNija · wall_segment Palisade Wall x1 |
| 6:50 | Pelantaro · wall_segment Palisade Wall x1 |
| 9:41 | PEHF · age_up feudal |
| 9:49 | AcheronianoSSx · first_building Barracks |
| 11:23 | Duc Duong · age_up feudal |
| 11:34 | AcheronianoSSx · age_up feudal |
| 11:53 | AcheronianoSSx · first_building Stable |
| 11:54 | ajanderson120 · age_up feudal |
| 12:23 | Kamina · first_building Barracks |
| 12:30 | AfricanNija · wall_segment Palisade Wall x1 |
| 12:36 | Kamina · wall_segment Palisade Wall x1 |
| 12:39 | AfricanNija · wall_segment Palisade Wall x1 |
| 12:40 | AfricanNija · wall_segment Palisade Wall x1 |
| 12:41 | AfricanNija · wall_segment Palisade Wall x1 |
| 12:56 | ᅚᅚᅚᅚ · age_up feudal |
| 13:01 | Pelantaro · age_up feudal |
| 13:02 | AfricanNija · age_up feudal |
| 13:27 | Kamina · age_up feudal |
| 13:51 | Kamina · first_building Stable |
| 14:07 | Pelantaro · first_market_buy 100 food |
| 14:15 | ᅚᅚᅚᅚ · first_market_sell 100 stone |
| 15:03 | AfricanNija · first_building Barracks |
| 15:48 | Kamina · wall_segment Palisade Wall x7 |
| 16:10 | Kamina · wall_segment Palisade Wall x12 |
| 16:21 | ajanderson120 · first_building Barracks |
| 16:27 | Kamina · wall_segment Palisade Wall x10 |
| 16:40 | PEHF · first_building Barracks |
| 17:13 | ᅚᅚᅚᅚ · age_up castle |
| 17:21 | Pelantaro · age_up castle |
| 17:23 | ᅚᅚᅚᅚ · first_building Castle |
| 17:24 | ajanderson120 · first_building Archery Range |
| 17:33 | Pelantaro · first_building Siege Workshop |
| 17:38 | Pelantaro · first_building Monastery |
| 17:46 | PEHF · first_building Archery Range |
| 17:47 | AfricanNija · age_up castle |
| 17:56 | ᅚᅚᅚᅚ · first_building Siege Workshop |
| 18:05 | AcheronianoSSx · wall_segment Stone Wall x1 |
| 18:16 | PEHF · age_up castle |
| 20:01 | AfricanNija · first_building Castle |
| 20:13 | AfricanNija · first_building Siege Workshop |
| 20:22 | Duc Duong · age_up castle |
| 20:41 | AcheronianoSSx · age_up castle |
| 20:41 | Duc Duong · first_market_buy 100 wood |
| 20:47 | ajanderson120 · age_up castle |
| 22:02 | Pelantaro · first_building Barracks |
| 23:07 | Duc Duong · first_building Castle |
| 23:07 | AcheronianoSSx · wall_segment Stone Wall x1 |
| 23:08 | AcheronianoSSx · wall_segment Stone Wall x1 |
| 23:09 | AcheronianoSSx · wall_segment Stone Wall x1 |
| 25:21 | AfricanNija · wall_segment Stone Wall x1 |
| 25:22 | AfricanNija · wall_segment Stone Wall x1 |
| 25:33 | Kamina · age_up castle |
| 25:50 | AfricanNija · wall_segment Stone Wall x4 |
| 26:19 | AfricanNija · wall_segment Stone Wall x4 |
| 26:25 | ajanderson120 · first_building Castle |
| 26:55 | AfricanNija · first_market_buy 100 wood |
| 26:56 | PEHF · first_building Monastery |
| 27:17 | Pelantaro · first_building Castle |
| 29:00 | AcheronianoSSx · first_building Siege Workshop |
| 29:21 | ᅚᅚᅚᅚ · first_market_buy 100 stone |
| 29:34 | Pelantaro · wall_segment Stone Wall x1 |
| 30:17 | Pelantaro · wall_segment Stone Wall x1 |
| 30:54 | PEHF · first_building Castle |
| 32:22 | ᅚᅚᅚᅚ · first_building Barracks |
| 32:36 | ᅚᅚᅚᅚ · wall_segment Palisade Wall x1 |
| 32:50 | ᅚᅚᅚᅚ · wall_segment Palisade Wall x1 |
| 33:16 | PEHF · first_market_sell 100 food |
| 33:36 | ᅚᅚᅚᅚ · age_up imperial |
| 33:50 | Kamina · first_building Castle |
| 35:11 | AcheronianoSSx · first_market_buy 100 stone |
| 35:50 | AfricanNija · wall_segment Stone Wall x3 |
| 35:51 | AfricanNija · wall_segment Stone Wall x1 |
| 36:28 | PEHF · age_up imperial |
| 36:57 | ajanderson120 · first_building Stable |
| 37:05 | ᅚᅚᅚᅚ · wall_segment Palisade Wall x1 |
| 37:09 | ᅚᅚᅚᅚ · wall_segment Palisade Wall x1 |
| 37:23 | ajanderson120 · age_up imperial |
| 37:24 | Pelantaro · wall_segment Stone Wall x1 |
| 37:54 | Duc Duong · age_up imperial |
| 38:16 | Duc Duong · first_building Barracks |
| 40:14 | AcheronianoSSx · first_market_sell 100 wood |
| 44:11 | ᅚᅚᅚᅚ · wall_segment Palisade Wall x1 |
| 44:35 | Duc Duong · first_market_sell 100 wood |
| 45:11 | PEHF · first_building Siege Workshop |
| 45:22 | AcheronianoSSx · wall_segment Stone Wall x1 |
| 45:24 | AcheronianoSSx · wall_segment Stone Wall x1 |
| 45:26 | AcheronianoSSx · wall_segment Stone Wall x1 |
| 46:50 | Pelantaro · wall_segment Stone Wall x2 |
| 47:23 | Kamina · first_market_sell 500 wood |
| 48:03 | Pelantaro · first_building Archery Range |
| 49:07 | PEHF · tribute_sent a jugador 1 |
| 49:07 | PEHF · tribute_sent a jugador 2 |
| 49:07 | PEHF · tribute_sent a jugador 4 |
| 49:07 | PEHF · tribute_sent a jugador 5 |
| 49:07 | PEHF · tribute_sent a jugador 6 |
| 49:07 | PEHF · tribute_sent a jugador 7 |
| 49:07 | PEHF · tribute_sent a jugador 8 |
| 50:25 | Pelantaro · first_market_sell 100 wood |
| 50:43 | Kamina · age_up imperial |
| 51:34 | AfricanNija · wall_segment Stone Wall x10 |
| 53:18 | ajanderson120 · wall_segment Stone Wall x17 |
| 53:37 | Pelantaro · age_up imperial |
| 53:40 | Pelantaro · wall_segment Stone Wall x6 |
| 53:56 | Duc Duong · first_building Siege Workshop |
| 54:09 | Pelantaro · wall_segment Stone Wall x9 |
| 54:53 | Kamina · first_building Monastery |
| 54:58 | Pelantaro · wall_segment Stone Wall x1 |
| 55:44 | ajanderson120 · wall_segment Stone Wall x1 |
| 56:30 | Kamina · first_building Archery Range |
| 56:51 | AfricanNija · age_up imperial |
| 58:53 | Duc Duong · wall_segment Palisade Wall x1 |
| 58:59 | Duc Duong · wall_segment Palisade Wall x1 |
| 59:48 | Pelantaro · wall_segment Stone Wall x1 |
| 60:13 | Duc Duong · wall_segment Stone Wall x3 |
| 60:18 | Duc Duong · wall_segment Stone Wall x5 |
| 62:36 | AfricanNija · resign |
| 63:00 | Pelantaro · tribute_sent a jugador 1 |
| 63:00 | Pelantaro · tribute_sent a jugador 2 |
| 63:00 | Pelantaro · tribute_sent a jugador 3 |
| 63:00 | Pelantaro · tribute_sent a jugador 5 |
| 63:00 | Pelantaro · tribute_sent a jugador 6 |
| 63:00 | Pelantaro · tribute_sent a jugador 7 |
| 63:00 | Pelantaro · tribute_sent a jugador 8 |
[ AI ANALYSIS · 1 CREDIT ]
What really happened in this match?
Wolo.gg analyzes every decision: build order, eco, micro, common mistakes by bracket. Personalized analysis on WhatsApp or Discord in 30 seconds.
Civ guide
Vikings
Perfil
PEHF